 Dungeon Crawl Stone Soup version 0.14-a0-30-gf0b6e91 (webtiles) character file.

7932 Malachi the Grappler (level 11, 0/101 HPs)
             Began as a Troll Monk on Sept 26, 2013.
             Slain by a troll (10 damage)
             ... on Level 9 of the Dungeon.
             The game lasted 00:19:34 (7525 turns).

Malachi the Grappler (Troll Monk)                   Turns: 7525, Time: 00:19:34

HP   0/101       AC  7     Str 26      XL: 11   Next:  1%
MP   3/3         EV 13     Int  6      God:
Gold 156         SH  0     Dex 12      Spells:  0 memorised, 10 levels left

Res.Fire  : . . .   See Invis. : .     - Unarmed
Res.Cold  : . . .   Warding    : .   a - +0 robe
Life Prot.: . . .   Conserve   : .   (shield restricted)
Res.Poison: +       Res.Corr.  : .   g - +2 wizard hat {MR+}
Res.Elec. : .       Clarity    : .   (no cloak)
Sust.Abil.: . .     Spirit.Shd : .   (gloves unavailable)
Res.Mut.  : .       Stasis     : .   (boots unavailable)
Res.Rott. : .       Flight     : .   (no amulet)
Gourmand  : +                        v - ring of poison resistance
                                     y - +2 ring of strength

@: quite resistant to hostile enchantments, unstealthy
A: unfitting armour, claws 3, fast metabolism 3, gourmand, regeneration 2,
saprovore 2, tough skin 2, AC +1
a: no special abilities


You were on level 9 of the Dungeon.
You were very full.

You visited 1 branch of the dungeon, and saw 10 of its levels.

You collected 521 gold pieces.
You spent 365 gold pieces at shops.

Inventory:

Armour
 a - a +0 robe (worn)
 g - a +2 wizard hat of magic resistance (worn)
Magical devices
 w - a wand of draining (9)
 A - a wand of polymorph (12) {unknown}
 D - a wand of flame (11)
 K - a wand of draining (0)
Comestibles
 b - 6 meat rations
 c - 2 pears
 i - 10 strawberries
 p - an apple
 x - 6 bread rations
 N - a chunk of killer bee flesh
Scrolls
 d - 7 scrolls of remove curse
 f - a scroll of teleportation
 m - 3 scrolls of curse armour {unknown}
 n - 4 scrolls of identify
 C - a scroll of fog {unknown}
 F - a scroll of recharging
 H - a scroll of amnesia
 I - a scroll of magic mapping {unknown}
Jewellery
 e - an uncursed ring of flight
 h - an uncursed ring of positive energy
 j - an uncursed ring of ice
 v - a ring of poison resistance (right claw)
 y - a +2 ring of strength (left claw)
 L - a +1 ring of protection {unknown}
Potions
 l - a potion of mutation {unknown}
 o - a potion of restore abilities {unknown}
 q - a potion of brilliance {unknown}
 r - a potion of magic {unknown}
 s - a potion of might {unknown}
 t - a potion of agility {unknown}
 u - 3 potions of curing
 z - a potion of heal wounds {unknown}
 B - 2 potions of speed {unknown}
 E - 2 potions of slowing {unknown}
 G - a potion of confusion {unknown}
 J - 2 potions of berserk rage {unknown}
Books
 k - a book of Spatial Translocations

   Spells                             Type                      Level
   Apportation                        Translocation                1
   Portal Projectile                  Translocation                2
   Blink                              Translocation                2
   Shroud of Golubria                 Charms/Translocation         2
   Teleport Other                     Translocation                3
   Passage of Golubria                Translocation                4
Magical staves
 M - an uncursed staff of fire


   Skills:
 + Level 5.8 Fighting
 + Level 8.3 Dodging
 - Level 1.1 Stealth
 * Level 13.0 Unarmed Combat


You had 10 spell levels left.
You didn't know any spells.

Dungeon Overview and Level Annotations

Branches:
Dungeon (10/27)            Temple (0/1) D:6             Orc (0/4) D:8
   Lair: D:8-13

Altars:
Trog

Shops:
D:4 */   D:7 =?}/[


Innate Abilities, Weirdness & Mutations

You are too large for most types of armour.
You have claws for hands.
Your metabolism is lightning-fast.
You like to eat raw meat.
You heal very quickly.
You can eat rotten meat.
You are covered in fur (AC +1).
You have very tough skin (AC +2).


Message History

The troll is drained!
The troll is moderately wounded.
The troll bites you!
* * * LOW HITPOINT WARNING * * *
The troll claws you!
* * * LOW HITPOINT WARNING * * *
The troll claws you but does no damage.
Evoke which item? (* to show all) (? for menu, Esc to quit)
Okay, then.
Read which item? (? for menu, Esc to quit)
Okay, then.
Evoke which item? (* to show all) (? for menu, Esc to quit)
That item cannot be evoked!
Unknown command.
Evoke which item? (* to show all) (? for menu, Esc to quit)
Zapping:
K - a wand of draining {zapped: 4}
Press: ? - help, Shift-Dir - straight line, f/p - troll
Aim: a troll (lightly wounded) Nothing appears to happen.
The troll bites you!
You die...

#.)......# #########'## #.<
###)###### ###.# ### #..#
##...# #####'## #..###
#......# #.## #......# ##.#
##### #......# #..# #....
#......# ######.########....
#......#####.@T...............
#......'.....####.########.>..
#...)))####### #.# #.T..
#####)## ##.# ##.## #.# #..#
#... #.### #.## #### #...###
#.# # ###.(%# #.# ##
#######%## ##'#### #.


You could see a troll.

Vanquished Creatures
  Gastronok (D:8)
  Pikel (D:6)
  A hill giant (D:9)
  Grinder (D:5)
  A troll (D:9)
  Eustachio (D:5)
  A wyvern (D:9)
  A hill giant skeleton (D:10)
  A hungry ghost (D:9)
  Edmund (D:5)
  Menkaure (D:6)
  2 orc warriors
  2 wolves (D:9)
  A black bear (D:7)
  An ice beast (D:6)
  3 phantoms
  4 centaurs
  An ogre (D:4)
  13 big kobolds
  2 giant frogs
  Blork the orc (D:4)
  An eye of draining (D:8)
  A hippogriff zombie (D:9)
  10 killer bees
  8 wights
  A goliath beetle (D:4)
  4 crimson imps (D:8)
  4 orc priests
  2 jellies
  A centaur skeleton (D:8)
  7 orc wizards
  4 iguanas
  5 hounds
  8 worker ants
  A sheep (D:7)
  A sky beast zombie (D:5)
  Jessica (D:3)
  Terence (D:3)
  A worker ant zombie (D:7)
  9 adders
  A giant centipede (D:9)
  3 green rats
  2 giant mites
  3 worms
  2 adder skeletons
  2 grey rats (D:8)
  2 giant eyeballs
  4 oozes
  35 orcs
  A bat skeleton (D:6)
  3 giant cockroaches
  15 goblins
  16 hobgoblins
  4 jackals (D:4)
  24 kobolds
  7 quokkas
  11 bats
  4 giant geckos
  2 giant newts (D:2)
  A goblin skeleton (D:4)
  A hobgoblin skeleton (D:4)
  A kobold skeleton (D:8)
  19 rats
  A rat zombie (D:8)
275 creatures vanquished.

Notes
Turn   | Place    | Note
--------------------------------------------------------------
     0 | D:1      | Malachi, the Troll Monk, began the quest for the Orb.
     0 | D:1      | Reached XP level 1. HP: 20/20 MP: 0/0
   335 | D:1      | Reached XP level 2. HP: 28/28 MP: 0/0
   674 | D:2      | Reached XP level 3. HP: 35/35 MP: 1/1
  1424 | D:3      | Reached XP level 4. HP: 41/44 MP: 1/1
  1485 | D:3      | Noticed Jessica
  1497 | D:3      | Reached skill level 5 in Unarmed Combat
  1497 | D:3      | Reached XP level 5. HP: 47/50 MP: 1/1
  1500 | D:3      | Killed Jessica
  1928 | D:3      | Noticed Terence
  1940 | D:3      | Killed Terence
  1945 | D:3      | Reached XP level 6. HP: 51/59 MP: 2/2
  2603 | D:4      | Reached skill level 6 in Unarmed Combat
  2609 | D:4      | Found Vopirghi's Magical Wand Emporium.
  2766 | D:4      | Noticed Blork the orc
  2774 | D:4      | Killed Blork the orc
  2774 | D:4      | Reached XP level 7. HP: 63/67 MP: 2/2
  2859 | D:4      | Found Ebot's General Store.
  2895 | D:4      | Bought a +2 ring of strength for 105 gold pieces
  3323 | D:5      | Entered Level 5 of the Dungeon
  3329 | D:5      | Noticed Grinder
  3337 | D:5      | Killed Grinder
  3337 | D:5      | Reached skill level 5 in Dodging
  3337 | D:5      | Reached skill level 7 in Unarmed Combat
  3417 | D:5      | Noticed Eustachio
  3456 | D:5      | Killed Eustachio
  3456 | D:5      | Reached XP level 8. HP: 43/76 MP: 2/2
  3548 | D:5      | Noticed Edmund
  3562 | D:5      | Killed Edmund
  3562 | D:5      | Reached skill level 8 in Unarmed Combat
  4124 | D:6      | Noticed Pikel
  4142 | D:6      | Killed Pikel
  4142 | D:6      | Reached skill level 9 in Unarmed Combat
  4248 | D:6      | Noticed Menkaure
  4274 | D:6      | Killed Menkaure
  4274 | D:6      | Reached XP level 9. HP: 26/84 MP: 3/3
  4372 | D:6      | Found a staircase to the Ecumenical Temple.
  4587 | D:7      | Found Wasigai's Magical Wand Shoppe.
  4631 | D:7      | Found Psituom's Armour Shop.
  4680 | D:7      | Found a bloodstained altar of Trog.
  4922 | D:7      | Found Klaokkiarch's Gadget Emporium.
  4932 | D:7      | Found Fukoch's Magic Scroll Emporium.
  5007 | D:7      | Reached skill level 10 in Unarmed Combat
  5157 | D:7      | Found Ymaawk's Jewellery Shop.
  5166 | D:7      | Bought an uncursed ring of poison resistance for 260 gold pieces
  5178 | D:7      | Paralysed by a giant eyeball for 3 turns
  5185 | D:7      | Paralysed by a giant eyeball for 3 turns
  5563 | D:8      | Reached skill level 5 in Fighting
  5567 | D:8      | HP: 4/84 [killer bee (7)]
  5570 | D:8      | HP: 1/84 [killer bee (5)]
  5845 | D:8      | Found a staircase to the Orcish Mines.
  5893 | D:8      | Noticed Gastronok
  6209 | D:8      | Killed Gastronok
  6209 | D:8      | Reached skill level 11 in Unarmed Combat
  6209 | D:8      | Reached XP level 10. HP: 65/93 MP: 3/3
  6620 | D:9      | Noticed a hill giant
  6628 | D:9      | Killed a hill giant
  6798 | D:9      | Reached skill level 12 in Unarmed Combat
  7112 | D:9      | Paralysed by a giant eyeball for 2 turns
  7289 | D:10     | Entered Level 10 of the Dungeon
  7508 | D:9      | Reached skill level 13 in Unarmed Combat
  7508 | D:9      | Reached XP level 11. HP: 21/101 MP: 3/3
  7525 | D:9      | Slain by a troll

Action                   |  1- 3 |  4- 6 |  7- 9 | 10-12 || total
-------------------------+-------+-------+-------+-------++-------
Melee: Unarmed           |   110 |   125 |   345 |   226 ||   806
Evoke: Wand              |       |       |     4 |     4 ||     8
  Use: Scroll            |     1 |       |    17 |       ||    18
 Stab: Sleeping          |       |       |     2 |       ||     2
